[ AOE2 MATCH · #505212125 ]
UnrankedHindustanis vs Goths
Rival team · WIN
[ REPLAY ANALYSIS · EXTRACTED FROM THE RECORDED GAME ]
Feudal
9:40
Castle
22:25
Imperial
44:45
| APM avg | 77.3 |
| APM peak | 119 |
| eAPM avg | 31.6 |
| Villagers / military | 139 / 69 |
Focus
⚔️ 39.4% · 🌾 60.6%
Archer ×34 · Ghulam ×28 · Mangonel ×5 · Scout Cavalry ×1 · Armored Elephant ×1
Feudal
14:20
Castle
23:33
Imperial
—
| APM avg | 78.7 |
| APM peak | 132 |
| eAPM avg | 47.9 |
| Villagers / military | 152 / 188 |
Focus
⚔️ 61.4% · 🌾 38.6%
Huskarl ×99 · Militia ×66 · Skirmisher ×10 · Battering Ram ×9 · Spearman ×2 · Monk ×1
Match map
Initial resources + every placement click. Lines = walls · curves = elevation contours. ◆ gold · ⬟ stone · ● berries · ✦ relic · ◌ wall gap
Your base· Open — 2t gap
Oni.TheViper's base· Open — 4t gap
Smoothed initial terrain · ◌ = detected wall gap · hover for details
Inputs per minute
— ThunderboltX - - Oni.TheViper
Build order — ThunderboltX
First 150 of 368 actions detected
| 0:00 | Create | Villager (Male) |
| 0:01 | Build | House |
| 0:02 | Build | House |
| 0:11 | Create | Villager (Male) |
| 0:11 | Create | Villager (Male) |
| 0:11 | Create | Villager (Male) |
| 1:09 | Create | Villager (Male) |
| 1:28 | Create | Villager (Male) |
| 2:00 | Create | Villager (Male) |
| 2:10 | Build | Lumber Camp |
| 2:29 | Create | Villager (Male) |
| 2:43 | Create | Villager (Male) |
| 3:04 | Create | Villager (Male) |
| 3:21 | Build | Palisade Wall |
| 3:26 | Build | Palisade Wall |
| 3:29 | Create | Villager (Male) |
| 3:46 | Create | Villager (Male) |
| 3:50 | Build | House |
| 4:12 | Create | Villager (Male) |
| 4:23 | Build | Palisade Wall |
| 4:58 | Create | Villager (Male) |
| 5:09 | Build | House |
| 5:31 | Create | Villager (Male) |
| 5:31 | Research | Loom |
| 6:05 | Build | Palisade Wall |
| 6:32 | Create | Villager (Male) |
| 6:40 | Build | Mining Camp |
| 6:42 | Build | Mining Camp |
| 6:58 | Create | Villager (Male) |
| 7:14 | Build | Palisade Wall |
| 7:16 | Build | Palisade Wall |
| 7:19 | Research | Feudal Age |
| 7:51 | Build | Palisade Wall |
| 7:53 | Build | Palisade Wall |
| 8:26 | Build | Barracks |
| 9:00 | Create | Villager (Male) |
| 9:16 | Build | Palisade Wall |
| 9:40 | Age | Feudal Age |
| 9:43 | Research | Double-Bit Axe |
| 9:56 | Build | Palisade Wall |
| 10:09 | Create | Villager (Male) |
| 10:38 | Create | Villager (Male) |
| 10:48 | Build | House |
| 10:51 | Build | Archery Range |
| 10:58 | Create | Villager (Male) |
| 11:04 | Build | Palisade Wall |
| 11:15 | Create | Villager (Male) |
| 11:39 | Create | Archer |
| 11:39 | Create | Archer |
| 11:43 | Create | Villager (Male) |
| 12:02 | Build | Mill |
| 12:03 | Create | Villager (Male) |
| 12:24 | Create | Archer |
| 12:34 | Create | Archer |
| 12:42 | Build | Palisade Wall |
| 12:47 | Create | Villager (Male) |
| 12:51 | Build | House |
| 13:08 | Build | Blacksmith |
| 13:16 | Create | Archer |
| 13:24 | Create | Villager (Male) |
| 13:37 | Create | Villager (Male) |
| 13:42 | Create | Archer |
| 13:52 | Build | House |
| 13:54 | Research | Fletching |
| 13:57 | Build | House |
| 14:03 | Build | Farm |
| 14:06 | Build | Farm |
| 14:12 | Create | Villager (Male) |
| 14:18 | Create | Villager (Male) |
| 14:22 | Build | House |
| 14:25 | Build | House |
| 14:29 | Create | Archer |
| 14:33 | Build | Farm |
| 14:46 | Create | Villager (Male) |
| 14:58 | Research | Padded Archer Armor |
| 14:59 | Create | Villager (Male) |
| 15:02 | Build | House |
| 15:08 | Build | Farm |
| 15:14 | Build | Farm |
| 15:23 | Create | Archer |
| 15:39 | Create | Villager (Male) |
| 15:42 | Build | House |
| 15:48 | Create | Archer |
| 15:57 | Create | Villager (Male) |
| 16:21 | Build | House |
| 16:23 | Create | Archer |
| 16:52 | Build | House |
| 16:53 | Build | House |
| 16:54 | Build | Palisade Wall |
| 16:59 | Build | House |
| 17:04 | Create | Villager (Male) |
| 17:11 | Build | Lumber Camp |
| 17:14 | Build | House |
| 17:23 | Create | Villager (Male) |
| 17:26 | Build | Lumber Camp |
| 18:05 | Create | Villager (Male) |
| 18:29 | Create | Villager (Male) |
| 18:42 | Build | Market |
| 18:52 | Create | Villager (Male) |
| 19:07 | Build | Lumber Camp |
| 19:14 | Create | Archer |
| 19:19 | Create | Villager (Male) |
| 19:25 | Build | House |
| 19:28 | Build | Farm |
| 19:32 | Build | Palisade Wall |
| 19:45 | Research | Castle Age |
| 19:54 | Create | Villager (Male) |
| 19:56 | Build | Farm |
| 19:57 | Build | Farm |
| 20:02 | Build | Farm |
| 20:18 | Create | Archer |
| 20:29 | Build | Farm |
| 20:41 | Build | House |
| 20:45 | Build | Stable |
| 20:53 | Build | House |
| 20:54 | Build | House |
| 20:56 | Build | House |
| 21:01 | Build | House |
| 21:03 | Build | House |
| 21:05 | Build | House |
| 22:01 | Create | Scout Cavalry |
| 22:25 | Age | Castle Age |
| 22:36 | Research | Bodkin Arrow |
| 22:41 | Research | Crossbowman (upgrade) |
| 22:49 | Create | Villager (Male) |
| 23:06 | Create | Archer |
| 23:11 | Create | Villager (Male) |
| 23:14 | Build | Town Center |
| 23:31 | Create | Archer |
| 23:32 | Create | Villager (Male) |
| 23:35 | Build | Siege Workshop |
| 23:43 | Create | Archer |
| 23:44 | Create | Villager (Male) |
| 23:47 | Build | Archery Range |
| 23:58 | Create | Villager (Male) |
| 23:59 | Build | Farm |
| 24:00 | Build | Farm |
| 24:20 | Create | Villager (Male) |
| 24:27 | Research | Horse Collar |
| 24:30 | Create | Archer |
| 24:31 | Create | Archer |
| 24:37 | Build | Palisade Wall |
| 24:42 | Build | Palisade Wall |
| 24:44 | Build | Palisade Wall |
| 25:03 | Create | Villager (Male) |
| 25:04 | Create | Mangonel |
| 25:07 | Create | Archer |
| 25:08 | Create | Villager (Male) |
| 25:23 | Build | House |
| 25:25 | Create | Archer |
Build order — Oni.TheViper
First 150 of 511 actions detected
| 0:00 | Create | Villager (Male) |
| 0:00 | Create | Villager (Male) |
| 0:01 | Build | House |
| 0:02 | Build | House |
| 0:05 | Create | Villager (Male) |
| 0:09 | Create | Villager (Male) |
| 1:35 | Create | Villager (Male) |
| 1:50 | Build | Barracks |
| 2:04 | Create | Villager (Male) |
| 2:34 | Research | Loom |
| 2:40 | Create | Villager (Male) |
| 2:58 | Create | Militia |
| 3:14 | Create | Villager (Male) |
| 3:34 | Create | Militia |
| 3:35 | Build | House |
| 3:49 | Create | Villager (Male) |
| 3:49 | Create | Villager (Male) |
| 4:04 | Create | Militia |
| 4:18 | Create | Villager (Male) |
| 4:39 | Create | Villager (Male) |
| 5:00 | Create | Villager (Male) |
| 5:06 | Build | House |
| 5:16 | Create | Militia |
| 5:30 | Create | Villager (Male) |
| 5:55 | Create | Villager (Male) |
| 6:08 | Build | Mining Camp |
| 6:08 | Create | Militia |
| 6:09 | Create | Militia |
| 6:22 | Build | House |
| 6:23 | Create | Villager (Male) |
| 6:42 | Create | Villager (Male) |
| 6:59 | Create | Militia |
| 7:02 | Create | Villager (Male) |
| 7:22 | Create | Militia |
| 7:23 | Create | Villager (Male) |
| 7:50 | Create | Villager (Male) |
| 8:02 | Build | Lumber Camp |
| 8:09 | Create | Villager (Male) |
| 8:30 | Build | Mill |
| 8:44 | Build | House |
| 9:12 | Create | Militia |
| 9:31 | Create | Villager (Male) |
| 9:36 | Build | Mill |
| 9:50 | Build | Farm |
| 9:50 | Build | Farm |
| 10:04 | Create | Villager (Male) |
| 10:06 | Create | Villager (Male) |
| 10:10 | Build | House |
| 10:12 | Build | Farm |
| 10:43 | Build | House |
| 10:44 | Build | House |
| 10:47 | Create | Villager (Male) |
| 10:59 | Build | Palisade Wall |
| 11:03 | Build | Palisade Wall |
| 11:09 | Create | Villager (Male) |
| 11:44 | Build | Farm |
| 11:45 | Build | Farm |
| 11:45 | Create | Villager (Male) |
| 11:53 | Build | Palisade Wall |
| 12:08 | Research | Feudal Age |
| 12:42 | Create | Militia |
| 12:55 | Build | Farm |
| 12:55 | Build | Farm |
| 12:59 | Build | Farm |
| 13:05 | Create | Militia |
| 13:29 | Create | Militia |
| 13:32 | Create | Villager (Male) |
| 13:35 | Build | House |
| 13:36 | Build | House |
| 13:38 | Build | Palisade Wall |
| 13:46 | Create | Militia |
| 14:01 | Build | Farm |
| 14:03 | Create | Militia |
| 14:10 | Build | House |
| 14:20 | Age | Feudal Age |
| 14:23 | Research | Man-at-Arms (upgrade) |
| 14:23 | Research | Double-Bit Axe |
| 14:27 | Build | Archery Range |
| 14:46 | Create | Villager (Male) |
| 14:49 | Build | Farm |
| 14:58 | Create | Villager (Male) |
| 15:00 | Build | Farm |
| 15:10 | Create | Skirmisher |
| 15:13 | Build | Farm |
| 15:25 | Build | Farm |
| 15:26 | Create | Villager (Male) |
| 15:31 | Create | Skirmisher |
| 15:37 | Create | Villager (Male) |
| 15:41 | Build | Farm |
| 15:47 | Create | Skirmisher |
| 16:12 | Create | Villager (Male) |
| 16:16 | Create | Skirmisher |
| 16:16 | Create | Villager (Male) |
| 16:28 | Create | Villager (Male) |
| 16:29 | Build | Blacksmith |
| 16:46 | Create | Villager (Male) |
| 16:56 | Create | Villager (Male) |
| 16:58 | Create | Skirmisher |
| 17:03 | Create | Villager (Male) |
| 17:05 | Build | Farm |
| 17:06 | Build | Farm |
| 17:08 | Build | Farm |
| 17:10 | Research | Horse Collar |
| 17:19 | Research | Fletching |
| 17:19 | Research | Padded Archer Armor |
| 17:43 | Build | Farm |
| 17:47 | Build | Farm |
| 17:52 | Research | Padded Archer Armor |
| 17:55 | Build | Farm |
| 17:57 | Build | Farm |
| 18:00 | Create | Villager (Male) |
| 18:03 | Build | House |
| 18:04 | Build | House |
| 18:06 | Build | House |
| 18:19 | Research | Wheelbarrow |
| 18:24 | Build | Farm |
| 18:53 | Build | Farm |
| 18:57 | Build | Lumber Camp |
| 19:09 | Create | Villager (Male) |
| 19:30 | Build | Farm |
| 19:41 | Build | House |
| 19:59 | Build | Market |
| 20:13 | Create | Villager (Male) |
| 20:15 | Create | Skirmisher |
| 20:53 | Research | Castle Age |
| 20:54 | Build | Farm |
| 21:10 | Create | Skirmisher |
| 21:22 | Build | Barracks |
| 21:24 | Create | Militia |
| 21:25 | Research | Scale Mail Armor |
| 21:26 | Build | Farm |
| 21:27 | Create | Villager (Male) |
| 21:33 | Create | Skirmisher |
| 21:53 | Create | Skirmisher |
| 22:01 | Create | Militia |
| 22:17 | Create | Militia |
| 22:19 | Build | Barracks |
| 22:23 | Create | Militia |
| 22:40 | Create | Militia |
| 22:40 | Create | Militia |
| 22:50 | Create | Skirmisher |
| 23:03 | Create | Militia |
| 23:04 | Create | Militia |
| 23:04 | Create | Militia |
| 23:14 | Build | Watch Tower |
| 23:21 | Build | House |
| 23:25 | Create | Militia |
| 23:25 | Create | Militia |
| 23:25 | Create | Militia |
| 23:33 | Age | Castle Age |
Match timeline
| 1:50 | Oni.TheViper · first_building Barracks |
| 3:21 | ThunderboltX · wall_segment Palisade Wall x1 |
| 3:26 | ThunderboltX · wall_segment Palisade Wall x1 |
| 4:23 | ThunderboltX · wall_segment Palisade Wall x1 |
| 6:05 | ThunderboltX · wall_segment Palisade Wall x5 |
| 7:14 | ThunderboltX · wall_segment Palisade Wall x1 |
| 7:16 | ThunderboltX · wall_segment Palisade Wall x1 |
| 7:51 | ThunderboltX · wall_segment Palisade Wall x1 |
| 7:53 | ThunderboltX · wall_segment Palisade Wall x1 |
| 8:26 | ThunderboltX · first_building Barracks |
| 9:16 | ThunderboltX · wall_segment Palisade Wall x3 |
| 9:40 | ThunderboltX · age_up feudal |
| 9:56 | ThunderboltX · wall_segment Palisade Wall x8 |
| 10:51 | ThunderboltX · first_building Archery Range |
| 10:59 | Oni.TheViper · wall_segment Palisade Wall x5 |
| 11:03 | Oni.TheViper · wall_segment Palisade Wall x4 |
| 11:04 | ThunderboltX · wall_segment Palisade Wall x9 |
| 11:53 | Oni.TheViper · wall_segment Palisade Wall x5 |
| 12:42 | ThunderboltX · wall_segment Palisade Wall x7 |
| 13:38 | Oni.TheViper · wall_segment Palisade Wall x9 |
| 14:20 | Oni.TheViper · age_up feudal |
| 14:27 | Oni.TheViper · first_building Archery Range |
| 16:54 | ThunderboltX · wall_segment Palisade Wall x1 |
| 19:32 | ThunderboltX · wall_segment Palisade Wall x1 |
| 19:38 | ThunderboltX · first_market_buy 100 food |
| 20:45 | ThunderboltX · first_building Stable |
| 22:25 | ThunderboltX · age_up castle |
| 22:33 | ThunderboltX · first_market_sell 100 wood |
| 23:33 | Oni.TheViper · age_up castle |
| 23:35 | ThunderboltX · first_building Siege Workshop |
| 23:49 | Oni.TheViper · first_building Siege Workshop |
| 24:37 | ThunderboltX · wall_segment Palisade Wall x1 |
| 24:42 | ThunderboltX · wall_segment Palisade Wall x1 |
| 24:44 | ThunderboltX · wall_segment Palisade Wall x1 |
| 31:55 | Oni.TheViper · first_building Castle |
| 33:07 | Oni.TheViper · first_market_buy 100 stone |
| 35:01 | Oni.TheViper · first_building Monastery |
| 35:38 | ThunderboltX · first_building Castle |
| 38:47 | Oni.TheViper · first_market_sell 500 stone |
| 43:09 | ThunderboltX · wall_segment Stone Wall x9 |
| 43:42 | ThunderboltX · wall_segment Stone Wall x2 |
| 44:01 | ThunderboltX · wall_segment Stone Wall x4 |
| 44:17 | ThunderboltX · wall_segment Stone Wall x1 |
| 44:45 | ThunderboltX · age_up imperial |
| 45:17 | ThunderboltX · wall_segment Palisade Wall x1 |
| 45:43 | ThunderboltX · resign |
[ AI ANALYSIS · 1 CREDIT ]
What really happened in this match?
Wolo.gg analyzes every decision: build order, eco, micro, common mistakes by bracket. Personalized analysis on WhatsApp or Discord in 30 seconds.
Civ guide
Hindustanis
Perfil
ThunderboltX (ThunderboltX)